 Dungeon Crawl Stone Soup version 0.18-a0-1685-g4482fe3 (webtiles) character file.

2249 dvd the Slinger (level 9, -3/55 HPs)
             Began as a Halfling Hunter on Apr 4, 2016.
             Slain by an ogre
             ... wielding a +0 giant spiked club
              (22 damage)
             ... on level 8 of the Dungeon.
             The game lasted 00:21:51 (6047 turns).

dvd the Slinger (Halfling Hunter)                   Turns: 6047, Time: 00:21:52

Health: -3/55      AC:  6    Str: 16    XL:     9   Next: 63%
Magic:  10/10      EV: 17    Int: 11    God:
Gold:   318        SH:  5    Dex: 16    Spells: 1 memorised, 8 levels left

rFire  + . .     SeeInvis .     b - +2 dagger (venom)
rCold  . . .     Gourm    .     w - +1 leather armour {rF+}
rNeg   . . .     Faith    .     M - +0 buckler
rPois  .         Spirit   .     j - +0 helmet
rElec  .         Dismiss  .     (no cloak)
rCorr  .         Reflect  .     h - +0 pair of gloves
SustAt .         Harm     .     (no boots)
MR     .....                    (no amulet)
Stlth  ++........               (no ring)
                                y - +3 ring of strength

@: not resistant to hostile enchantments, unstealthy
A: mutation resistance 1
a: no special abilities


You were on level 8 of the Dungeon.
You were not hungry.

You visited 1 branch of the dungeon, and saw 9 of its levels.

You collected 318 gold pieces.

Inventory:

Hand Weapons
 a - a +1 hunting sling
 b - a +2 dagger of venom (weapon)
 o - a +0 short sword
 v - a +1 dagger of draining
 G - a +1 mace
 O - a +1 dagger of venom
Missiles
 g - 142 stones
 x - 7 tomahawks
Armour
 h - a +0 pair of gloves (worn)
 j - a +0 helmet (worn)
 w - a +1 leather armour of fire resistance (worn)
 J - a +0 robe of cold resistance
 M - a +0 buckler (worn)
Rods
 L - a +0 rod of shadows (10/10)
   (You found it on level 5 of the Dungeon)
Jewellery
 i - an uncursed ring of fire
 y - a +3 ring of strength (left hand)
 S - an uncursed amulet of rage {unknown}
Wands
 s - a wand of iceblast (12/15)
 u - a wand of paralysis (13/24)
Scrolls
 l - 2 scrolls of blinking {unknown}
 m - a scroll of teleportation
 p - 3 scrolls of fear
 q - a scroll of enchant armour
 D - a scroll of acquirement {unknown}
 E - a scroll of fog {unknown}
 K - 2 scrolls of identify
 N - a scroll of remove curse
 V - a scroll of noise {unknown}
 W - 2 scrolls of amnesia {unknown}
Potions
 e - a potion of cure mutation {unknown}
 k - 4 potions of curing {unknown}
 n - 2 potions of lignification {unknown}
 t - a potion of ambrosia {unknown}
 A - 2 potions of mutation
 B - 2 potions of invisibility {unknown}
 H - a potion of haste {unknown}
 I - a potion of flight {unknown}
 P - a potion of might {unknown}
 Q - a potion of degeneration {unknown}
 U - a potion of resistance {unknown}
Books
 c - a book of Conjurations

   Spells                             Type                      Level
   a - Magic Dart                     Conjuration                  1
   b - Searing Ray                    Conjuration                  2
   c - Dazzling Spray                 Conjuration/Hexes            3
   d - Fulminant Prism                Conjuration/Hexes            4
   e - Iskenderun's Mystic Blast      Conjuration                  4
   f - Iskenderun's Battlesphere      Conjuration/Charms           5
 C - a book of Summonings

   Spells                             Type                      Level
   a - Recall                         Summoning/Translocation      3
   b - Aura of Abjuration             Summoning                    5
   c - Summon Demon                   Summoning                    5
   d - Summon Forest                  Summoning/Translocation      5
   e - Summon Mana Viper              Hexes/Summoning              5
   f - Shadow Creatures               Summoning                    6
Comestibles
 f - 4 bread rations (quivered)
 r - a beef jerky
 z - 7 fruits
 F - a slice of pizza
 R - a meat ration


   Skills:
 + Level 2.6 Fighting
 + Level 1.6 Short Blades
 + Level 14.2 Slings
 + Level 3.4 Armour
 + Level 5.4 Dodging
 + Level 2.6 Stealth
 + Level 2.0 Shields
 + Level 0.7 Spellcasting
 + Level 0.5 Conjurations
 + Level 0.4 Evocations


You had 8 spell levels left.
You knew the following spells:

 Your Spells              Type           Power        Failure   Level  Hunger
a - Magic Dart            Conj           #...         50%         1    ##.....


Dungeon Overview and Level Annotations

Branches:
Dungeon (9/15)               Lair (0/8) D:8
 Temple: D:4-7          Orc: D:9-12

Altars:
Ashenzari
Dithmenos
Elyvilon
Fedhas
Gozag
Qazlal
Trog
Vehumet

Shops:
D:4 *

Annotations:
D:6 Pikel
D:7 Joseph


Innate Abilities, Weirdness & Mutations

You are small and have problems with some larger weapons.
You are somewhat resistant to further mutation.


Message History

Firing (i - inventory. (,) - cycle):
g - 143 stones (quivered)
Press: ? - help, Shift-Dir - straight line, f/p - ogre
Aim: an ogre, wielding a giant spiked club (moderately wounded)
You shoot a stone. The stone hits the ogre.
The ogre is heavily wounded.
The ogre hits you with a giant spiked club!!
Wield which item (- for none, * to show all)? (? for menu, Esc to quit)
It begins to drip with poison!
b - a +2 dagger of venom (weapon)
You hit the ogre.
The ogre is poisoned.
The ogre is severely wounded.
The ogre barely misses you.
The phantom blinks!
A worker ant comes into view.
The worker ant twitches its antennae in your direction.
You block the worker ant's attack.
You barely miss the worker ant. The worker ant bites you.
You block the worker ant's attack.
The ogre hits you with a giant spiked club!!
You die...

#.# #..........##...#
#.# #.#
##.........##..<# #.#
##.#####'####..###..##
#.# #........# #..#
#..# #.# ##.......#
#..# #..# #.. #######.#
#..# #.<# #.# #.#
##..###.#####.#
###.###>............#
#........@###.######
#.#.###..aO.......#
#.#.........#.#.###
#.#.#.......#.#.#####
###.#.#.......#........
#.....+.......+........
###.#.#.......#.#......
#.#.#.......#.#.##..#
#...'................


You could see an ogre and a worker ant.

Vanquished Creatures
  A hippogriff (D:9)
  An orc warrior (D:9)
  A sky beast (D:5)
  2 necrophages (D:9)
  A wasp (D:9)
  A phantom (D:5)
  A gnoll sergeant (D:9)
  4 giant frogs
  A scorpion (D:9)
  9 howler monkeys (D:8)
  7 wights
  A crimson imp (D:9)
  A giant frog zombie (D:7)
  An orc priest (D:9)
  A hound (D:8)
  2 orc wizards
  2 jellies
  Jessica (D:3)
  2 iguanas
  A hound skeleton (D:9)
  5 gnolls (D:9)
  8 adders
  2 oozes
  4 worms
  4 dart slugs
  4 giant geckos
  17 orcs
  6 bats
  2 giant cockroaches
  14 goblins
  4 hobgoblins
  8 jackals
  4 quokkas
  2 ball pythons
  5 giant newts
  4 kobolds
  4 rats
138 creatures vanquished.

Notes
Turn   | Place    | Note
--------------------------------------------------------------
     0 | D:1      | dvd the Halfling Hunter began the quest for the Orb.
     0 | D:1      | Reached XP level 1. HP: 14/14 MP: 1/1
    40 | D:1      | Reached skill level 6 in Slings
   198 | D:1      | Reached XP level 2. HP: 19/19 MP: 2/2
   828 | D:2      | Reached XP level 3. HP: 24/24 MP: 3/3
   891 | D:2      | Reached skill level 7 in Slings
  1063 | D:2      | Found a shattered altar of Ashenzari.
  1118 | D:2      | Reached XP level 4. HP: 25/29 MP: 4/4
  1663 | D:3      | Reached skill level 1 in Armour
  1663 | D:3      | Reached XP level 5. HP: 34/34 MP: 5/5
  1667 | D:3      | Reached skill level 8 in Slings
  1782 | D:3      | Noticed a giant frog
  1788 | D:3      | Killed a giant frog
  1788 | D:3      | Reached skill level 1 in Short Blades
  1846 | D:3      | Reached XP level 6. HP: 39/39 MP: 6/6
  1848 | D:3      | Found a white marble altar of Elyvilon.
  1848 | D:3      | Found a radiant altar of Vehumet.
  1848 | D:3      | Noticed Jessica
  1853 | D:3      | Killed Jessica
  1853 | D:3      | Reached skill level 9 in Slings
  2063 | D:3      | Found a shadowy altar of Dithmenos.
  2377 | D:4      | Found Guurghaj's General Store.
  2904 | D:5      | Entered Level 5 of the Dungeon
  2925 | D:5      | Noticed a phantom
  2940 | D:5      | Killed a phantom
  2940 | D:5      | Reached skill level 10 in Slings
  2940 | D:5      | Reached XP level 7. HP: 44/45 MP: 7/7
  3107 | D:5      | Found a bloodstained altar of Trog.
  3271 | D:5      | Found a stormy altar of Qazlal.
  3540 | D:5      | Learned a level 1 spell: Magic Dart
  3661 | D:5      | Identified a +0 rod of shadows (10/10) (You found it on level 5 of the Dungeon)
  3780 | D:6      | Noticed Pikel
  3914 | D:6      | You fall through a shaft for 3 floors!
  4188 | D:9      | Reached skill level 11 in Slings
  4188 | D:9      | Reached XP level 8. HP: 33/50 MP: 8/8
  4657 | D:9      | Reached skill level 12 in Slings
  4828 | D:9      | Reached skill level 13 in Slings
  4828 | D:9      | Reached XP level 9. HP: 46/55 MP: 9/9
  5354 | D:8      | Found an opulent altar of Gozag.
  5356 | D:8      | Found a blossoming altar of Fedhas.
  5429 | D:8      | Found a staircase to the Lair.
  5517 | D:8      | Reached skill level 5 in Dodging
  5531 | D:8      | Reached skill level 1 in Shields
  5674 | D:8      | Reached skill level 14 in Slings
  5856 | D:7      | Noticed Joseph
  6047 | D:8      | Slain by an ogre

Vault maps used:
D:1:      saegor_arrival_miasma, minmay_misc_feat_chi, fountainhead
D:2:      lemuel_round_altar
D:3:      minitemple, nicolae_dithmenos_through_a_glass_darkly, uniq_jessica
D:4:      serial_shops, shop, minmay_parallelograms
D:5:      bloody_trog, lemuel_coloured_pillars_altar, first_bread
D:6:      gup_ossuary_entry_pyramid, uniq_pikel
D:7:      kennysheep_mini_moat, minmay_temple_entry_junction2, uniq_joseph
D:8:      grunt_temple_overflow_open, lair_0_dummy, st_stairs_6,
          uniq_prince_ribbit1
D:9:      orc_0_dummy, hangedman_ranch, kennysheep_another_room

Skill      XL: |  1  2  3  4  5  6  7  8  9 |
---------------+----------------------------+-----
Slings         | 6 7 8 10 11 13 14 | 14.2
Fighting       | 2 |  2.6
Armour         | 1 2 3 |  3.4
Short Blades   | 1 |  1.6
Dodging        | 3 4 5 |  5.4
Stealth        | 2 |  2.6
Shields        | 2 |  2.0
Spellcasting   | |  0.7
Conjurations   | |  0.5
Evocations     | |  0.4

Action                   |  1- 3 |  4- 6 |  7- 9 || total
-------------------------+-------+-------+-------++-------
Melee: Short sword       |    11 |    12 |       ||    23
       Dagger            |       |    34 |    93 ||   127
       Hunting sling     |       |       |     2 ||     2
 Fire: Hunting sling     |    60 |   123 |   270 ||   453
 Cast: Magic Dart        |       |       |     1 ||     1
Evoke: Rod               |       |       |     2 ||     2
  Use: Scroll            |       |     9 |       ||     9
 Stab: Sleeping          |       |     2 |       ||     2
  Eat: Chunk             |       |     6 |     5 ||    11
       Meat ration       |       |       |     1 ||     1
